 Dungeon Crawl Stone Soup version 0.22-a0-558-gc224181 (webtiles) character file.

450 robertstho the Archer (level 6, -2/51 HPs)
             Began as a Centaur Hunter on June 26, 2018.
             Slain by a wyvern zombie (10 damage)
             ... in an ossuary.
             The game lasted 00:10:04 (3652 turns).

robertstho the Archer (Centaur Hunter)              Turns: 3652, Time: 00:10:05

Health: -2/51      AC:  5    Str: 14    XL:     6   Next: 74%
Magic:  6/6        EV: 11    Int: 10    God:
Gold:   172        SH:  0    Dex: 12    Spells: 5/5 levels left

rFire    . . .     SeeInvis .   g - +0 spear (flame)
rCold    . . .     Gourm    .   (no shield)
rNeg     . . .     Faith    .   c - +0 leather armour
rPois    .         Spirit   .   i - +1 hat
rElec    .         Reflect  .   (no cloak)
rCorr    .         Harm     .   (no gloves)
MR       .....                  (no barding)
Stlth    ..........             (no amulet)
HPRegen  0.17/turn              e - ring of loudness (curse)
MPRegen  0.10/turn              o - +1 ring of evasion

@: very quick
A: large, hooves 3, deformed body, speed 2, tough skin 3
a: no special abilities


You were in an ossuary.
You were not hungry.

You visited 1 branch of the dungeon, and saw 4 of its levels.
You also visited: Ossuary.

You collected 172 gold pieces.

Inventory:

Hand Weapons
 a - a +1 shortbow
 b - a +0 short sword
 g - a +0 spear of flaming (weapon)
Missiles
 d - 4 arrows
Armour
 c - a +0 leather armour (worn)
 i - a +1 hat (worn)
 l - a +0 helmet
Jewellery
 e - a cursed ring of loudness (left hand)
 n - an uncursed ring of fire {unknown}
 o - a +1 ring of evasion (right hand)
Scrolls
 k - a scroll of identify
 m - 2 scrolls of remove curse {unknown}
Potions
 h - a potion of haste
 j - a potion of heal wounds
Comestibles
 f - 7 rations


   Skills:
 + Level 3.0 Fighting
 + Level 2.0 Polearms
 * Level 8.0 Bows
 * Level 2.4 Armour
 + Level 2.0 Dodging
 - Level 0.4 Stealth


You had 5 spell levels left.
You didn't know any spells.
Your spell library contained the following spells:

 Spells                   Type           Power        Failure   Level  Hunger
 Bolt of Magma            Conj/Fire/Erth #.........   100%        5    ######.
 Iron Shot                Conj/Erth      #.........   100%        6    #######
 Statue Form              Tmut/Erth      #........    100%        6    #######
 Shatter                  Erth           #.........   100%        9    #######
 Leda's Liquefaction      Hex/Erth       #.........   99%         4    #####..


Dungeon Overview and Level Annotations

Branches:
Dungeon (4/15)
 Temple: D:4-7

Altars:
Fedhas

Annotations:
D:4 Dowan, Duvessa


Innate Abilities, Weirdness & Mutations

You have hooves in place of feet.
Armour fits poorly on your strangely shaped body.
You cover ground very quickly.
You have extremely tough skin. (AC +3)


Message History

You are too injured to fight recklessly!
You are too injured to fight recklessly!
You are too injured to fight recklessly!
You are too injured to fight recklessly!
You hit the mummy. You burn the mummy.
The mummy is lightly damaged.
A wyvern zombie comes into view.
You hit the mummy. You burn the mummy. You kick the mummy.
The mummy is severely damaged.
The mummy hits you.
You hit the mummy. You burn the mummy.
The mummy is severely damaged.
You hit the mummy. You burn the mummy.
You destroy the mummy!
Your Fighting skill increases to level 3!
Your Polearms skill increases to level 2!
The mummy hits you!
* * * LOW HITPOINT WARNING * * *
The wyvern zombie bites you!
You die...

#≈ #####
#..≈#Z..#
#≈≈.MM@.#
#P≈≈#..∩#
#≈# #####


You could see a mummy, a bog mummy and a wyvern zombie.

Vanquished Creatures
  Eustachio (D:4)
  An elf skeleton (D:4)
  A human zombie (D:4)
  An orc wizard (D:3)
  A hound zombie (Ossuary)
  A mummy (Ossuary)
  Robin (D:3)
  5 gnolls
  2 adders
  A worm (D:2)
  2 dart slugs (D:2)
  2 leopard geckos (D:3)
  4 orcs (D:3)
  3 giant cockroaches
  14 goblins
  9 hobgoblins
  3 jackals
  2 quokkas
  5 bats
  3 frilled lizards
  5 kobolds
  An orc zombie (D:4)
  A quokka zombie (D:4)
  4 rats
73 creatures vanquished.

Notes
Turn   | Place    | Note
-------+----------+-------------------------------------------
     0 | D:1      | robertstho the Centaur Hunter began the quest for the Orb.
     0 | D:1      | Reached XP level 1. HP: 17/17 MP: 1/1
   373 | D:1      | Reached XP level 2. HP: 24/24 MP: 2/2
   415 | D:1      | Reached skill level 6 in Bows
   746 | D:2      | Found a blossoming altar of Fedhas.
   860 | D:2      | Reached XP level 3. HP: 28/29 MP: 3/3
  1842 | D:3      | Noticed Robin
  1847 | D:3      | Killed Robin
  1847 | D:3      | Reached XP level 4. HP: 32/37 MP: 4/4
  1886 | D:3      | Reached skill level 7 in Bows
  1886 | D:3      | Reached skill level 1 in Armour
  2707 | D:3      | Reached XP level 5. HP: 42/42 MP: 5/5
  3159 | D:4      | Noticed Duvessa
  3160 | D:4      | Noticed Dowan
  3397 | D:4      | Noticed Eustachio
  3518 | D:4      | Killed Eustachio
  3518 | D:4      | Reached skill level 1 in Polearms
  3518 | D:4      | Reached XP level 6. HP: 31/50 MP: 6/6
  3532 | D:4      | Found a sand-covered staircase.
  3561 | D:4      | Reached skill level 8 in Bows
  3581 | Ossuary  | Entered an ossuary
  3652 | Ossuary  | Slain by a wyvern zombie

Vault maps used:
D:1:      tarquinn_simple_flora_water_c
D:2:      old_standard_altar, first_ration
D:3:      uniq_robin
D:4:      nicolae_ossuary_entry_catacombs, minmay_misc_feat_ornament,
          uniq_eustachio, uniq_duvessa
Ossuary:  ossuary_zaba_flooded

Skill      XL: |  1  2  3  4  5  6 |
---------------+-------------------+-----
Bows           | 6 7 8 |  8.0
Armour         | 1 2 |  2.4
Polearms       | 1 2 |  2.0
Dodging        | 2 |  2.0
Fighting       | 3 |  3.0
Stealth        | |  0.4

Action                   |  1- 3 |  4- 6 || total
-------------------------+-------+-------++-------
Melee: Spear             |    42 |   136 ||   178
       Kick              |     3 |    31 ||    34
 Fire: Shortbow          |    74 |    62 ||   136
  Use: Scroll            |       |     3 ||     3
       Potion            |       |     2 ||     2
  Eat: Chunk             |     1 |     4 ||     5
       Ration            |       |     1 ||     1
Armor: Leather armour    |    12 |    91 ||   103
Dodge: Dodged            |    27 |   118 ||   145

Table legend:
 A = Spawn XP
 B = Non-spawn XP
 C = Spawn XP percentage of total XP
 D = Spawn monster count
 E = Non-spawn monster count
 F = Spawn count percentage of total count
 G = Total turns spent on level
                    A         B        C        D         E        F      G
               +---------+---------+-------+---------+---------+-------+---------
         Total |       0 |     644 |   0.0 |       0 |      73 |   0.0 |  3652
               +---------+---------+-------+---------+---------+-------+---------
           D:1 |       0 |      29 |   0.0 |       0 |      11 |   0.0 |   730
           D:2 |       0 |      46 |   0.0 |       0 |      17 |   0.0 |  1199
           D:3 |       0 |     186 |   0.0 |       0 |      37 |   0.0 |  1398
           D:4 |       0 |     344 |   0.0 |       0 |       6 |   0.0 |   254
       Ossuary |       0 |      39 |   0.0 |       0 |       2 |   0.0 |    71
               +---------+---------+-------+---------+---------+-------+---------
